 Dungeon Sprint DCSS version 0.19.0-2-gae57169 (webtiles) character file.

1247 LORDOFBUTT the Cleaver (level 8, -2/86 HPs)
             Began as a Minotaur Berserker on Nov 3, 2016.
             Was an Elder of Trog.
             Succumbed to Sonja's poison
             ... in the Dungeon (Sprint I: "Red Sonja").
             The game lasted 00:01:31 (662 turns).

LORDOFBUTT the Cleaver (Minotaur Berserker)          Turns: 662, Time: 00:01:32

Health: -2/86      AC:  2    Str: 22    XL:     8   Next: 25%
Magic:  7/7        EV: 16    Int:  4    God:    Trog [****..]
Gold:   405        SH:  0    Dex: 12    Spells: 0 memorised, 7 levels left

rFire  . . .     SeeInvis .     a - +0 hand axe
rCold  . . .     Gourm    .     b - +0 animal skin
rNeg   . . .     Faith    .     (no shield)
rPois  .         Spirit   .     (helmet restricted)
rElec  .         Reflect  .     (no cloak)
rCorr  .         Harm     .     (no gloves)
MR     .....     NoTele   +     (no boots)
Stlth  +.........               (no amulet)
                                (no ring)
                                (no ring)

@: lethally poisoned (-2 -> -100), exhausted, very slightly contaminated,
slowed, very slow
A: retaliatory headbutt, horns 2
a: Berserk, Trog's Hand, Brothers in Arms, Burn Spellbooks, Renounce Religion


You were in the Dungeon.
You worshipped Trog.
Trog was greatly pleased with you.
You were not hungry.

You visited 1 branch You collected 405 gold pieces.

Inventory:

Hand Weapons
 a - a +0 hand axe (weapon)
Armour
 b - a +0 animal skin (worn)
Scrolls
 c - a scroll of remove curse {unknown}
Potions
 d - a potion of curing
 e - a potion of heal wounds
 f - a potion of haste
 g - 2 potions of magic
 h - a potion of berserk rage


   Skills:
 + Level 13.0 Fighting
 + Level 14.0 Axes
 + Level 7.2 Armour
 + Level 7.5 Dodging
 + Level 0.8 Stealth


You had 7 spell levels left.
You didn't know any spells.

Dungeon Overview and Level Annotations

Branches:
Dungeon (1/1)

Altars:
Cheibriados
Dithmenos
Elyvilon
Fedhas
Gozag
Hepliaklqana
Kikubaaqudgha
Makhleb
Nemelex Xobeh
Okawaru
Qazlal
Ru
Sif Muna
Trog
Uskayaw
Vehumet
Xom
Yredelemnul
Zin
The Shining One
Jiyva
Lugonu

Shops:
D (

Annotations:
D Sonja


Innate Abilities, Weirdness & Mutations

You reflexively headbutt those who attack you in melee.
You have a pair of horns on your head.


Message History

Sonja casts a spell.
Sonja blinks!
* * * LOW HITPOINT WARNING * * *
You feel very sick.
Sonja says, "If only old Madame Brzewit could see me now!"
Sonja unwields an uncursed short sword of venom.
It stops dripping with poison.
Sonja wields an uncursed blowgun.
Sonja shoots a curare-tipped needle.
The curare-tipped needle misses you.
You see here a curare-tipped needle.
You feel a strong urge to attack something.
* * * LOW HITPOINT WARNING * * *
You feel very sick.
You are no longer berserk.
You are exhausted.
You feel yourself slow down.
* * * LOW HITPOINT WARNING * * *
You feel very sick.
Sonja shoots a curare-tipped needle.
The curare-tipped needle closely misses you.
You die...

#<.#..').#.)'..#__#..'.).#
#..').#..'..#..'..'..#)..#
#..#####'#####'#__####...+
#..####..#...#[####§ #####
#..#__####..##[#≈§§.c#
#..#_____##'#..+§≈≈§
#⌠⌠#_.∩..†'.(K_#§§§.c#
####_..__##_.#'##+##
#_____###@#.#
#########.### +$.$+ #$($#
##.## #+#


You could see Sonja.

Vanquished Creatures
  2 kobold demonologists (D)
  A slime creature (D)
  Sigmund (D)
  A yak (D)
  A floating eye (D)
  An ogre (D)
  A jelly (D)
  Ijyb (D)
9 creatures vanquished.

Notes
Turn   | Place    | Note
-------+----------+-------------------------------------------
     0 | D        | LORDOFBUTT the Minotaur Berserker began the quest for the Orb.
     0 | D        | Reached XP level 1. HP: 19/19 MP: 0/0
     6 | D        | Noticed Ijyb
    11 | D        | Killed Ijyb
    11 | D        | Reached skill level 5 in Fighting
    11 | D        | Reached skill level 5 in Axes
    11 | D        | Reached XP level 2. HP: 29/29 MP: 1/1
    40 | D        | Noticed an ogre
    45 | D        | Killed an ogre
    45 | D        | Reached skill level 8 in Axes
    45 | D        | Reached XP level 3. HP: 39/39 MP: 2/2
    45 | D        | Reached XP level 4. HP: 47/47 MP: 3/3
    56 | D        | Noticed Sigmund
    65 | D        | Killed Sigmund
    65 | D        | Reached ** piety under Trog
    65 | D        | Reached skill level 10 in Axes
    65 | D        | Reached skill level 5 in Armour
    65 | D        | Reached skill level 5 in Dodging
    65 | D        | Reached XP level 5. HP: 56/58 MP: 4/4
    65 | D        | Reached XP level 6. HP: 64/66 MP: 5/5
   174 | D        | Found a deep blue altar of Sif Muna.
   176 | D        | Found a radiant altar of Vehumet.
   304 | D        | Found a burning altar of Makhleb.
   304 | D        | Found a viscous altar of Jiyva.
   304 | D        | Found a shimmering altar of Xom.
   304 | D        | Found a corrupted altar of Lugonu.
   304 | D        | Noticed a slime creature
   313 | D        | Killed a slime creature
   313 | D        | Reached skill level 11 in Axes
   514 | D        | Found Wemiq's Weapon Emporium.
   514 | D        | Found an ancient bone altar of Kikubaaqudgha.
   514 | D        | Found a hazy altar of Hepliaklqana.
   514 | D        | Found a stormy altar of Qazlal.
   514 | D        | Found a hide-covered altar of Uskayaw.
   514 | D        | Found a blossoming altar of Fedhas.
   514 | D        | Found a bloodstained altar of Trog.
   514 | D        | Found an iron altar of Okawaru.
   514 | D        | Found a basalt altar of Yredelemnul.
   514 | D        | Found a glowing golden altar of the Shining One.
   514 | D        | Found a snail-covered altar of Cheibriados.
   514 | D        | Found a sacrificial altar of Ru.
   514 | D        | Found a glowing silver altar of Zin.
   514 | D        | Found a shadowy altar of Dithmenos.
   514 | D        | Found a white marble altar of Elyvilon.
   514 | D        | Noticed a yak
   515 | D        | Found an opulent altar of Gozag.
   518 | D        | Killed a yak
   518 | D        | Reached *** piety under Trog
   518 | D        | Reached skill level 12 in Axes
   518 | D        | Reached XP level 7. HP: 74/74 MP: 6/6
   519 | D        | Found a sparkling altar of Nemelex Xobeh.
   551 | D        | Noticed a centaur warrior
   551 | D        | Noticed a centaur warrior
   570 | D        | Noticed a kobold demonologist
   571 | D        | Noticed a kobold demonologist
   576 | D        | Noticed an ice devil
   576 | D        | Noticed a smoke demon
   576 | D        | Killed a kobold demonologist
   576 | D        | Reached skill level 13 in Axes
   581 | D        | Killed a kobold demonologist
   581 | D        | Reached **** piety under Trog
   581 | D        | Reached skill level 14 in Axes
   581 | D        | Reached XP level 8. HP: 86/86 MP: 7/7
   645 | D        | Noticed Sonja
   662 | D        | Succumbed to Sonja's poison

Skill      XL: |  1  2  3  4  5  6  7 |
---------------+----------------------+-----
Fighting       | 5 7 9 11 13 | 13.0
Axes           | 5 8 10 12 14 | 14.0
Armour         | 3 4 5 6 7 |  7.2
Dodging        | 3 5 6 7 |  7.5
Stealth        | |  0.8

Action                   |  1- 3 |  4- 6 |  7- 9 || total
-------------------------+-------+-------+-------++-------
Melee: Hand axe          |     7 |    19 |    19 ||    45
       Headbutt          |     4 |     8 |     3 ||    15
Invok: Berserk           |     1 |     1 |     2 ||     4
  Use: Scroll            |       |       |     1 ||     1
  Eat: Bread ration      |       |       |     1 ||     1
Armor: Animal skin       |       |       |     3 ||     3
Dodge: Dodged            |     5 |     7 |    17 ||    29
